 Dungeon Crawl Stone Soup version 0.28-a0-535-g6f645e4c1d (webtiles) character file.

Game seed: 3823681744156099720

49 pokedragonboy the Skirmisher (level 3, 0/33 HPs)
             Began as a Hill Orc Fighter on Sept 27, 2021.
             Slain by Robin (1 damage)
             ... on level 2 of the Dungeon.
             The game lasted 00:01:28 (823 turns).

pokedragonboy the Skirmisher (Hill Orc Fighter)      Turns: 823, Time: 00:01:28

Health: 0/33       AC:  6    Str: 19    XL:     3   Next: 75%
Magic:  3/3        EV:  9    Int:  8    God:
Gold:   35         SH:  4    Dex: 10    Spells: 2/2 levels left

rFire   + . .      SeeInvis .   a - +0 war axe
rCold   . . .      Faith    .   c - +0 buckler
rNeg    + . .      Spirit   .   b - +0 scale mail
rPois   .          Reflect  .   (no helmet)
rElec   .          Harm     .   (no cloak)
rCorr   .          Rampage  .   (no gloves)
Will    .....                   (no boots)
Stlth   ..........              (no amulet)
HPRegen 0.11/turn               k - ring of protection from fire
MPRegen 0.08/turn               e - ring of positive energy

@: no status effects
A: no striking features
a: no special abilities


You were on level 2 of the Dungeon.
You visited 1 branch of the dungeon, and saw 2 of its levels.

You collected 35 gold pieces.

Inventory:

Hand Weapons
 a - a +0 war axe (weapon)
Armour
 b - a +0 scale mail (worn)
 c - a +0 buckler (worn)
Jewellery
 e - a ring of positive energy (right hand)
 k - a ring of protection from fire (left hand)
Scrolls
 f - a scroll of noise {unknown}
 h - a scroll of fear {unknown}
 j - a scroll of amnesia {unknown}
 l - 3 scrolls of identify {unknown}
Potions
 d - a potion of might
 g - a potion of invisibility {unknown}
 i - a potion of haste {unknown}
 m - a potion of degeneration {unknown}


   Skills:
 + Level 4.0 Fighting
 * Level 3.8 Axes
 + Level 3.6 Armour
 + Level 3.6 Shields
 + Level 1.3 Invocations


You had 2 spell levels left.
You didn't know any spells.
Your spell library was empty.

Dungeon Overview and Level Annotations

Branches:
Dungeon (2/15)

Altars:

Annotations:
D:2 Robin


Message History

You closely miss the goblin.
The goblin is moderately wounded.
Robin closely misses you. The goblin closely misses you.
You closely miss the goblin.
The goblin is moderately wounded.
Robin roars a battlecry!
The goblin goes into a battle-frenzy!
The goblin hits you with a +0 dagger.
You hear a shout!
You slash the goblin!
You kill the goblin!
Robin hits you from afar with a +0 spear.
* * * LOW HITPOINT WARNING * * *
Robin hits you but does no damage. Robin throws the goblin at you!
Things that are here:
a +0 dagger; a +0 hunting sling; 22 stones You closely miss the goblin.
The goblin hits you with a +0 club.
* * * LOW HITPOINT WARNING * * *
You completely miss the goblin. The goblin hits you with a +0 club.
* * * LOW HITPOINT WARNING * * *
Robin hits you from afar with a +0 spear.
* * * LOW HITPOINT WARNING * * *
You slash the goblin!
You kill the goblin!
Robin hits you from afar with a +0 spear.
* * * LOW HITPOINT WARNING * * *
Okay, then.
You block Robin's attack.
You closely miss Robin. Robin hits you but does no damage.
Robin hits you with a +0 spear.
* * * LOW HITPOINT WARNING * * *
Okay, then.
You slash Robin!
Robin is heavily wounded.
You block Robin's attack.
You hit Robin.
Robin is severely wounded.
Robin hits you with a +0 spear.
You die...

..< #.. #.. #.. #..
#####g####
##(...g...#
......))#g##### .#
##..#.)g#@##.. ..#
......))#)##.# #...
##.!..#.#)##.###..#
#....#.#.......#.#
..........##†##.#.#
..##....####......##
.. #..#.# #.......#
##...# #.##.#..#
##..# #.##.#..#


You could see Robin.

Vanquished Creatures
  4 bats (D:1)
  5 endoplasms (D:1)
  2 giant cockroaches
  15 goblins
  4 hobgoblins
  2 kobolds
  3 quokkas
  3 ball pythons
  2 frilled lizards (D:1)
  A rat (D:1)
41 creatures vanquished.

Notes
Turn   | Place    | Note
-------+----------+-------------------------------------------
     0 | D:1      | pokedragonboy the Hill Orc Fighter began the quest for the
                  | Orb.
     0 | D:1      | Reached XP level 1. HP: 19/19 MP: 1/1
   227 | D:1      | Reached XP level 2. HP: 25/27 MP: 2/2
   399 | D:1      | Reached skill level 1 in Invocations
   453 | D:1      | Reached XP level 3. HP: 28/33 MP: 3/3
   593 | D:1      | Found a faded altar of an unknown god.
   764 | D:2      | Reached skill level 4 in Fighting
   796 | D:2      | Noticed Robin
   821 | D:2      | HP: 1/33 [Robin (2)]
   823 | D:2      | Slain by Robin

Illustrated notes

Levels and vault maps discovered:
D:1:      dpeg_arrival_arbitrary_b, layout_basic,
          shapermc_ecumenical_altar_pompeii
D:2:      layout_loops_cross, uniq_robin

Skill      XL: |  1  2  3 |
---------------+----------+-----
Axes           | 3 |  3.8
Invocations    | 1 |  1.3
Fighting       | 4 |  4.0
Armour         | |  3.6
Shields        | |  3.6

Action                   || total
-------------------------++-------
Melee: War axe           ||    80
Armor: Scale mail        ||    44
Dodge: Dodged            ||    43
Block: Buckler           ||    16

Table legend: (Time is in decaauts)
 A = Elapsed time spent in this place.
 B = Non-inter-level travel time spent in this place.
 C = Inter-level travel time spent in this place.
 D = Time resting spent in this place.
 E = Time spent auto-exploring this place.
 F = Levels seen in this place.
 G = Mean time per level.
                   A        B        C        D        E       F      G
               +--------+--------+--------+--------+--------+-----+--------+
         Total |    848 |    817 |     31 |      0 |    618 |   2 |  424.0 |
       Dungeon |    848 |    817 |     31 |      0 |    618 |   2 |  424.0 |
               +--------+--------+--------+--------+--------+-----+--------+

Top non-repeatable levels by time:
     D:1: 778 daAuts
     D:2: 70 daAuts
